 Dungeon Crawl Stone Soup version 0.22-a0-274-gf8199ec (webtiles) character file.

583 puppykicker the Ducker (level 7, -9/56 HPs)
             Began as a Minotaur Wizard on Mar 14, 2018.
             Killed by divine providence
             ... invoked by an orc priest
              (15 damage)
             ... on level 4 of the Dungeon.
             The game lasted 00:10:26 (4570 turns).

puppykicker the Ducker (Minotaur Wizard)            Turns: 4570, Time: 00:10:27

Health: -9/56      AC:  5    Str: 11    XL:     7   Next: 14%
Magic:  3/10       EV: 12    Int: 17    God:
Gold:   158        SH:  0    Dex:  9    Spells: 3/11 levels left

rFire    . . .     SeeInvis .   a - +0 mace
rCold    . . .     Gourm    .   (no shield)
rNeg     . . .     Faith    .   o - +0 leather armour
rPois    +         Spirit   .   t - +2 hat
rElec    .         Reflect  .   (no cloak)
rCorr    .         Harm     .   (no gloves)
MR       .....                  (no boots)
Stlth    +.........             (no amulet)
HPRegen  0.18/turn              (no ring)
MPRegen  0.12/turn              n - ring of poison resistance

@: very slightly contaminated
A: retaliatory headbutt, horns 2
a: no special abilities


You were on level 4 of the Dungeon.
You were hungry.

You visited 1 branch of the dungeon, and saw 5 of its levels.

You collected 158 gold pieces.


Innate Abilities, Weirdness & Mutations

You reflexively headbutt those who attack you in melee.
You have a pair of horns on your head.


   Skills:
 + Level 2.9 Fighting
 + Level 3.0 Armour
 + Level 3.6 Dodging
 - Level 1.5 Stealth
 + Level 2.8 Spellcasting
 + Level 2.1 Conjurations
 + Level 1.9 Summonings
 + Level 1.9 Translocations
 + Level 1.0 Air Magic
 + Level 1.1 Poison Magic


You had 3 spell levels left.
You knew the following spells:

 Your Spells              Type           Power        Failure   Level  Hunger
a - Magic Dart            Conj           #...         10%         1    #......
b - Call Imp              Summ           #.......     16%         2    ##.....
c - Mephitic Cloud        Conj/Pois/Air  #.......     36%         3    ###....
p - Blink                 Tloc           N/A          16%         2    ##.....

Inventory:

Hand Weapons
 a - a +0 mace (weapon)
 b - a +0 hunting sling
Missiles
 e - 52 bolts
 j - 174 stones (quivered)
 k - 30 arrows
 u - 12 tomahawks
Armour
 o - a +0 leather armour (worn)
 t - a +2 hat (worn)
Jewellery
 n - a ring of poison resistance (right hand)
Wands
 s - a wand of polymorph (5)
Scrolls
 c - a scroll of fog {unknown}
 f - 4 scrolls of remove curse
 h - a scroll of blinking {unknown}
 i - a scroll of magic mapping {unknown}
 l - a scroll of fear {unknown}
 p - 2 scrolls of immolation {unknown}
Potions
 g - 4 potions of curing
 m - 2 potions of ambrosia
 q - a potion of invisibility
Comestibles
 d - 6 rations
 v - 5 chunks of flesh {@w1}

Dungeon Overview and Level Annotations

Branches:
Dungeon (5/15)
 Temple: D:4-7

Altars:
Elyvilon

#≈≈...≈ .#
##≈..♣.. #.#
###..r.......#
....♣._.♣...#
#.....(...#
#≈..♣?.≈# #..
#≈≈...≈≈#
##..#######@..#
......##.#..##
#..##.##...##
#..##.##.###
#.#..##.##o#
###.#..##.##!#
...#........####
#
#>.##.##...oH..#
.
#..##.########(#


You could see an orc priest and a neutral quokka (wandering).


Message History

The hippogriff is heavily wounded.
The hippogriff bites you!
* * * LOW HITPOINT WARNING * * *
The hippogriff closely misses you. The hippogriff claws you.
* * * LOW HITPOINT WARNING * * *
Aiming: Mephitic Cloud (slightly dangerous; 36% risk of failure)
Aim: a hippogriff (heavily wounded, confused)
You miscast Mephitic Cloud.
You feel faint for a moment.
Okay, then.
You feel much better. The orc priest barely misses you.
Found a scroll of identify and 24 arrows.
You hit the orc priest. You headbutt the orc priest.
The orc priest is severely wounded.
The orc priest barely misses you.
The orc priest invokes the aid of Beogh against you.
Pain shoots through your body!
* * * LOW HITPOINT WARNING * * *
You are too injured to fight recklessly!
You are too injured to fight recklessly!
Unknown command.
You thump the orc priest!
You kill the orc priest!
An orc priest comes into view.
Unknown command.
An orc comes into view.
The hippogriff seems less confused.
Found a white marble altar of Elyvilon.
The orc priest calls down the wrath of Beogh upon you.
Beogh smites you!
You die...

Action                   |  1- 3 |  4- 6 |  7- 9 || total
-------------------------+-------+-------+-------++-------
Melee: Unarmed           |    37 |     7 |       ||    44
       Headbutt          |    16 |    12 |     6 ||    34
       Mace              |    77 |   114 |    29 ||   220
 Fire: Hunting sling     |    59 |       |       ||    59
 Cast: Blink             |     4 |     1 |       ||     5
       Mephitic Cloud    |       |       |     2 ||     2
  Use: Potion            |     1 |     1 |     1 ||     3
       Scroll            |       |     6 |       ||     6
 Stab: Sleeping          |     1 |       |       ||     1
  Eat: Chunk             |     3 |     9 |       ||    12
Armor: Robe              |    15 |       |       ||    15
       Leather armour    |    28 |    27 |     5 ||    60
       Skin              |       |     3 |       ||     3
Dodge: Dodged            |   120 |    86 |    11 ||   217

Vault maps used:
D:1:      dpeg_arrival_arbitrary_b
D:2:      first_ration, serial_undead, serial_undead_f, serial_undead_d,
          serial_undead_f, serial_undead_e, serial_undead_f,
          hangedman_decor_clover_reticule
D:3:      lemuel_coloured_pillars_altar, serial_curves, eino_curves_01,
          eino_curves_03, uniq_ijyb
D:4:      kennysheep_mini, serial_shops, shop_statue, elyvilon_altar_4
D:5:      minmay_temple_entry_glassed_door

Notes
Turn   | Place    | Note
-------+----------+-------------------------------------------
     0 | D:1      | puppykicker the Minotaur Wizard began the quest for the Orb.
     0 | D:1      | Reached XP level 1. HP: 14/14 MP: 2/2
    69 | D:1      | HP: 1/15 [hobgoblin (4)]
   107 | D:1      | Reached XP level 2. HP: 5/22 MP: 4/4
   114 | D:1      | Learned a level 2 spell: Blink
   117 | D:1      | Learned a level 2 spell: Call Imp
   582 | D:1      | Reached skill level 1 in Armour
   632 | D:1      | Reached skill level 1 in Fighting
  1073 | D:2      | Reached skill level 1 in Summonings
  1077 | D:2      | Reached skill level 1 in Conjurations
  1077 | D:2      | Reached XP level 3. HP: 14/28 MP: 5/5
  1901 | D:2      | Reached skill level 1 in Translocations
  1932 | D:2      | Reached XP level 4. HP: 15/35 MP: 1/6
  2458 | D:3      | Noticed Ijyb
  2469 | D:3      | Killed Ijyb
  2919 | D:3      | Reached skill level 2 in Armour
  2919 | D:3      | Reached XP level 5. HP: 14/41 MP: 7/7
  3172 | D:3      | Reached skill level 3 in Dodging
  3353 | D:3      | Found a white marble altar of Elyvilon.
  3495 | D:4      | Noticed an ogre
  3504 | D:3      | Learned a level 3 spell: Mephitic Cloud
  3513 | D:3      | Killed an ogre
  3513 | D:3      | Reached skill level 2 in Fighting
  3519 | D:3      | Reached XP level 6. HP: 25/48 MP: 5/8
  3701 | D:4      | You fall through a shaft!
  3701 | D:5      | Entered Level 5 of the Dungeon
  4248 | D:5      | Reached skill level 2 in Conjurations
  4382 | D:4      | Reached skill level 1 in Air Magic
  4382 | D:4      | Reached XP level 7. HP: 36/56 MP: 10/10
  4532 | D:4      | Noticed a hippogriff
  4535 | D:4      | Reached skill level 3 in Armour
  4535 | D:4      | Reached skill level 1 in Poison Magic
  4560 | D:4      | HP: 5/56 [hippogriff (7)]
  4560 | D:4      | HP: 1/56 [hippogriff (4)]
  4565 | D:4      | HP: 5/56 [orc priest/nerve-wracking pain (14)]
  4568 | D:4      | Found a white marble altar of Elyvilon.
  4570 | D:4      | Killed from afar by an orc priest

Vanquished Creatures
  An ogre (D:3)
  2 scorpions
  A howler monkey (D:3)
  A hound (D:5)
  An orc priest (D:4)
  3 orc wizards
  Ijyb (D:3)
  2 worker ants
  3 adders (D:2)
  2 shadow imps (D:5)
  An ooze (D:4)
  An adder skeleton (D:4)
  An adder zombie (D:2)
  2 worms
  4 dart slugs
  A leopard gecko (D:3)
  9 orcs
  A bat skeleton (D:2)
  A bat zombie (D:2)
  5 giant cockroaches
  6 goblins
  5 hobgoblins
  2 quokkas
  5 bats
  3 frilled lizards
  A jackal zombie (D:5)
  3 kobolds
  A quokka zombie (D:2)
  16 rats
85 creatures vanquished.
